 Dungeon Crawl Stone Soup version 0.16-a0-395-g6404e95 (console) character file.

553 gw the Skirmisher (level 7, -2/71 HPs)
             Began as an Ogre Warper on Sept 14, 2014.
             Was an Initiate of Makhleb.
             Slain by an adder (4 damage)
             ... on Level 4 of the Dungeon.
             The game lasted 00:03:43 (6234 turns).

gw the Skirmisher (Ogre Warper)                     Turns: 6234, Time: 00:03:44

HP  -2/71        AC  4     Str 17      XL: 7   Next: 29%
MP  15/15        EV 10     Int 14      God: Makhleb [......]
Gold 150         SH  0     Dex  6 (9)  Spells:  4 memorised,  5 levels left

rFire  + . .     SeeInvis .     b - -2 giant spiked club (curse)
rCold  . . .     Clarity  .     s - +0 robe
rNeg   . . .     rCorr    .     (shield restricted)
rPois  .         rRot     .     (helmet restricted)
rElec  .         Spirit   .     i - +0 cloak
SustAb .         Warding  .     (gloves unavailable)
rMut   .         Stasis   .     (boots unavailable)
Gourm  .                        (no amulet)
MR     .....                    (no ring)
                                (no ring)

@: lethally poisoned, not resistant to hostile enchantments, very unstealthy
A: unfitting armour, fire resistance 1, tough skin 1
a: Renounce Religion


You were on level 4 of the Dungeon.
You worshipped Makhleb.
Makhleb was noncommittal.
You were hungry.

You visited 2 branches of the dungeon, and saw 5 of its levels.

You collected 150 gold pieces.

Inventory:

Hand weapons
 b - a cursed -2 giant spiked club (weapon)
Missiles
 a - 19 poisoned needles
 e - 108 stones (quivered)
Armour
 i - a +0 cloak (worn)
 s - a +0 robe (worn)
Magical devices
 k - a wand of draining (6) {unknown}
Comestibles
 f - 2 meat rations
 h - 3 fruits
 j - 3 bread rations
Scrolls
 d - a scroll of blinking
 g - 2 scrolls of remove curse
 n - 2 scrolls of identify
Books
 c - a book of Spatial Translocations

   Spells                             Type                      Level
   *Apportation                       Translocation                1
   *Blink                             Translocation                2
   *Shroud of Golubria                Charms/Translocation         2
   *Portal Projectile                 Translocation                3
   Teleport Other                     Translocation                3
   Passage of Golubria                Translocation                4


   Skills:
 + Level 4.7 Fighting
 + Level 4.2 Maces & Flails
 + Level 3.4 Throwing
 + Level 3.2 Dodging
 + Level 3.8 Spellcasting
 * Level 3.6 Translocations
 + Level 0.9 Invocations


You had 5 spell levels left.
You knew the following spells:

 Your Spells              Type           Power        Failure   Level  Hunger
a - Apportation           Tloc           ##........   4%          1    None
b - Blink                 Tloc           N/A          10%         2    ##.....
c - Shroud of Golubria    Chrm/Tloc      #.........   17%         2    ##.....
d - Portal Projectile     Tloc           ##....       14%         3    ###....


Dungeon Overview and Level Annotations

Branches:
Dungeon (4/15)             Temple (1/1) D:4

Altars:
Ashenzari
Cheibriados
Dithmenos
Fedhas
Kikubaaqudgha
Makhleb
Nemelex Xobeh
Okawaru
Qazlal
Sif Muna
Trog
Vehumet
Yredelemnul
Zin


Innate Abilities, Weirdness & Mutations

You are too large for most types of armour.
You have tough skin (AC +1).
Your flesh is heat resistant.


Message History

You feel sick. The adder barely misses you. The adder barely misses you.
ATTACKING (-1,-1)
You closely miss the adder.
The adder is moderately wounded.
You feel sick. The adder barely misses you.
The adder bites you but does no damage.
ATTACKING (-1,-1)
You miss the adder.
The adder is moderately wounded.
You feel sick. The adder completely misses you. The adder closely misses you.
The adder bites you but does no damage.
ATTACKING (-1,-1)
You barely miss the adder.
The adder is moderately wounded.
The adder barely misses you. The adder bites you.
ATTACKING (-1,-1)
You miss the adder.
The adder is moderately wounded.
You feel sick. The adder closely misses you. The adder bites you.
You die...

... ..(...# .......# $(......###
(..........# #######
...(.......# #.....#
...........# #.....## ####
.......S....######.....## <..#
........O...+..........). ##.#
########....##........... #.#
#....##'###.....##
#.##############..)...........##
#.##............>...............
#.##.######................#####
#.##.# #........##...#### #.##.#
#........##...# #.##.#
############...########


You could see an adder.

Table legend:
 A = Turns spent in this place as a percentage of turns spent in the entire game.
 B = Non-inter-level travel turns spent in this place as a percentage of non-inter-level travel turns spent in the entire game.
 C = Inter-level travel turns spent in this place as a percentage of turns spent in this place.
 D = Turns resting spent in this place as a percentage of non-inter-level travel turns spent in this place.
 E = Turns spent auto-exploring this place as a percentage of non-inter-level travel turns spent in this place.
 F = Non-inter-level travel turns spent in this place divided by the number of levels of this place that you've seen.
                   A       B       C       D       E      F
               +-------+-------+-------+-------+-------+----------------------
         Total | 100.0 | 100.0 |   2.5 |   7.7 |   8.0 | 360.6
       Dungeon |  96.0 |  96.0 |   2.6 |   8.0 |   7.6 | 432.5
        Temple |   4.0 |   4.0 |   1.4 |   0.0 |  17.8 |  73.0
               +-------+-------+-------+-------+-------+----------------------

Table legend:
 A = Kills in this place as a percentage of kills in entire the game.
 B = Kills by you in this place as a percentage of kills by you in the entire game.
 C = Kills by friends in this place as a percentage of kills by friends in the entire game.
 D = Other kills in this place as a percentage of other kills in the entire game.
 E = Experience gained in this place as a percentage of experience gained in the entire game.
 F = Experience gained in this place divided by the number of levels of this place that you have seen.
                   A       B       C       D       E      F
               +-------+-------+-------+-------+-------+----------------------
         Total | 100.0 | 100.0 |  -nan |  -nan | 100.0 | 158.2
       Dungeon | 100.0 | 100.0 |  -nan |  -nan | 100.0 | 197.8
               +-------+-------+-------+-------+-------+----------------------

Vanquished Creatures
  An ogre (D:4)
  A phantom (D:4)
  An eye of draining (D:4)
  A centaur skeleton (D:4)
  A hound (D:4)
  Natasha (D:4)
  An ogre zombie (D:3)
  2 worker ants
  Ijyb (D:4)
  Terence (D:3)
  9 adders
  A giant mite (D:4)
  A worm (D:4)
  6 giant geckos
  3 oozes
  An orc (D:3)
  5 ball pythons
  9 bats
  3 giant cockroaches
  6 goblins
  5 hobgoblins
  A quokka (D:3)
  3 giant newts
  9 kobolds
  5 rats
78 creatures vanquished.

Notes
Turn   | Place    | Note
--------------------------------------------------------------
     0 | D:1      | gw, the Ogre Warper, began the quest for the Orb.
     0 | D:1      | Reached XP level 1. HP: 22/22 MP: 3/3
   137 | D:1      | Reached skill level 3 in Fighting
   182 | D:1      | Reached XP level 2. HP: 31/31 MP: 5/5
   186 | D:1      | Learned a level 2 spell: Blink
   189 | D:1      | Learned a level 2 spell: Shroud of Golubria
   781 | D:1      | Reached XP level 3. HP: 37/37 MP: 1/6
  1424 | D:2      | Reached XP level 4. HP: 32/46 MP: 0/8
  1558 | D:2      | Learned a level 3 spell: Portal Projectile
  2714 | D:3      | Noticed Terence
  2961 | D:3      | Reached XP level 5. HP: 29/54 MP: 8/11
  3002 | D:3      | Killed Terence
  3675 | D:3      | Reached skill level 4 in Fighting
  3943 | D:3      | Gained mutation: You are robust (+10% HP). [potion of mutation]
  3943 | D:3      | Gained mutation: Your flesh is heat resistant. [potion of mutation]
  3943 | D:3      | Lost mutation: You are robust (+10% HP). [potion of mutation]
  3950 | D:3      | Learned a level 2 spell: Blink
  3983 | D:4      | Noticed an ogre
  3996 | D:4      | Killed an ogre
  3996 | D:4      | Reached XP level 6. HP: 62/62 MP: 11/13
  4144 | D:4      | Found a staircase to the Ecumenical Temple.
  4257 | D:4      | Noticed Ijyb
  4274 | D:4      | Killed Ijyb
  4340 | Temple   | Entered the Ecumenical Temple
  4350 | Temple   | Became a worshipper of Makhleb the Destroyer
  4807 | D:4      | Found an ancient bone altar of Kikubaaqudgha.
  4885 | D:4      | Noticed a phantom
  4969 | D:4      | Killed a phantom
  5326 | D:4      | Found a bloodstained altar of Trog.
  5512 | D:4      | Noticed Natasha
  5554 | D:4      | Reached XP level 7. HP: 13/71 MP: 0/15
  5613 | D:4      | Killed Natasha
  6233 | D:4      | HP: 2/71 [adder (5)]
  6234 | D:4      | Slain by an adder

Action                   |  1- 3 |  4- 6 |  7- 9 || total
-------------------------+-------+-------+-------++-------
Melee: Mace              |    94 |    97 |       ||   191
       Flail             |       |    35 |       ||    35
       Giant spiked club |       |    96 |    49 ||   145
Throw: Stone             |    43 |   157 |     8 ||   208
       Tomahawk          |     5 |       |       ||     5
 Cast: Shroud of Golubri |    26 |    38 |     2 ||    66
       Portal Projectile |       |    11 |     5 ||    16
  Use: Scroll            |     3 |     9 |       ||    12
       Potion            |       |     7 |       ||     7
  Eat: Chunk             |     3 |    14 |     1 ||    18
       Meat ration       |       |     1 |       ||     1

Vault maps used:
D:1:      saegor_arrival_under_anarchy
D:2:      minmay_liquid_box
D:3:      first_bread, uniq_terence, uniq_crazy_yiuf_cottage
D:4:      overflow_temple_1_default, trog_eyes_of_draining, temple_statues,
          portal_sewer_entry_e, uniq_iyjb, uniq_natasha
Temple:   chambers_temple_12
